 Dungeon Crawl Stone Soup version 0.24.0-13-gcf9b319 (webtiles) character file.

Game seed: 2978267383476648782, levelgen mode: deterministic

41 Bronimir the Conjurer (level 3, -8/24 HPs)
             Began as a Human Conjurer on Mar 19, 2020.
             Mangled by an iguana (14 damage)
             ... on level 2 of the Dungeon.
             The game lasted 00:03:22 (1637 turns).

Bronimir the Conjurer (Human Conjurer)              Turns: 1637, Time: 00:03:22

Health: -8/24      AC:  3    Str:  8    XL:     3   Next: 75%
Magic:  1/6        EV: 12    Int: 16    God:
Gold:   48         SH:  0    Dex: 13    Spells: 0/6 levels left

rFire    . . .     SeeInvis .   a - +0 spear
rCold    . . .     Gourm    .   (no shield)
rNeg     . . .     Faith    .   u - +0 leather armour
rPois    .         Spirit   .   (no helmet)
rElec    .         Reflect  .   (no cloak)
rCorr    .         Harm     .   (no gloves)
MR       .....                  (no boots)
Stlth    ++........             (no amulet)
HPRegen  0.08/turn              (no ring)
MPRegen  0.10/turn              (no ring)

@: very slightly contaminated
A: no striking features
a: no special abilities


You were on level 2 of the Dungeon.
You were not hungry.

You visited 1 branch of the dungeon, and saw 2 of its levels.

You collected 48 gold pieces.

Inventory:

Hand Weapons
 a - a +0 spear (weapon)
 f - a +0 hand axe
 i - a +0 club
Missiles
 h - 11 sling bullets
 k - 92 stones (quivered)
 p - 23 bolts
 s - 13 arrows
Armour
 l - a +0 robe
 u - a +0 leather armour (worn)
Scrolls
 d - a scroll of remove curse
 e - a scroll of enchant weapon {unknown}
 g - 3 scrolls of identify {unknown}
 n - a scroll of noise {unknown}
 r - a scroll of random uselessness {unknown}
Potions
 b - a potion of agility {unknown}
 j - 2 potions of might
 m - 2 potions of heal wounds {unknown}
 o - a potion of curing {unknown}
 t - a potion of ambrosia {unknown}
Comestibles
 c - 3 rations


   Skills:
 + Level 0.1(0.3) Axes
 + Level 0.6 Polearms
 + Level 2.0 Dodging
 - Level 2.0 Stealth
 + Level 2.2 Spellcasting
 * Level 4.9 Conjurations


You couldn't memorise any spells.
You knew the following spells:

 Your Spells              Type           Power        Failure   Level  Hunger
a - Magic Dart            Conj           ###.         4%          1    #......
b - Searing Ray           Conj           ###...       6%          2    ###....
c - Dazzling Spray        Conj/Hex       #.....       32%         3    ###....

Your spell library contained the following spells:

 Spells                   Type           Power        Failure   Level  Hunger
 Iskenderun's Mystic Bla  Conj           ###.....     36%         4    #####..
 Force Lance              Conj/Tloc      #.......     71%         4    #####..
 Fulminant Prism          Conj/Hex       #.........   71%         4    #####..


Dungeon Overview and Level Annotations

Branches:
Dungeon (2/15)

Altars:


Message History

Press: ? - help, Dir - move target cursor, f - iguana
Aim: an iguana (lightly wounded)
You reach to attack!
You barely miss the iguana.
The iguana is lightly wounded.
You barely miss the iguana.
The iguana is lightly wounded.
The iguana bites you!
Casting: Dazzling Spray (safe; 32% risk of failure)
Confirm with . or Enter, or press ? or * to list all spells.
Aiming: Dazzling Spray (safe; 32% risk of failure)
Press: ? - help, Shift-Dir - straight line, f/p - iguana
Aim: an iguana (lightly wounded)
You miscast Dazzling Spray.
You are very lightly contaminated with residual magic.
Sparks fly from your hands! The iguana bites you.
* * * LOW HITPOINT WARNING * * *
There is an escape hatch in the ceiling here.
The iguana bites you!
Ouch! That really hurt!
You die...

#######
###.....##########
........+........##
#.....########..#
#........##...#.##
#####
#........##...#..#
#....
######l..##...##.#
#.###
#.@.##...##.###.#
#....+..รท##..##.#
####.##.#...###.##.#
.........>..'......#
####.##.#...###..###
#####.##'##### ##.##
#.........# #..#
#.........# #..#
#.........# #..##


You could see an iguana.

Vanquished Creatures
  3 dart slugs
  A leopard gecko (D:2)
  3 bats (D:1)
  3 giant cockroaches
  6 hobgoblins (D:1)
  2 jackals (D:2)
  4 kobolds
  6 frilled lizards
  5 rats
33 creatures vanquished.

Notes
Turn   | Place    | Note
-------+----------+-------------------------------------------
     0 | D:1      | Bronimir the Human Conjurer began the quest for the Orb.
     0 | D:1      | Reached XP level 1. HP: 13/13 MP: 3/3
   201 | D:1      | Reached XP level 2. HP: 19/19 MP: 1/5
   462 | D:1      | Learned a level 2 spell: Searing Ray
   823 | D:1      | Reached XP level 3. HP: 21/24 MP: 2/6
  1510 | D:2      | Learned a level 3 spell: Dazzling Spray
  1637 | D:2      | Mangled by an iguana

Levels and vault maps discovered:
D:1:      dpeg_arrival_houses_and_road, layout_basic, minmay_split_cup_small
D:2:      layout_basic

Action                   || total
-------------------------++-------
Melee: Hand axe          ||    20
       Unarmed           ||     4
       Spear             ||    67
 Cast: Magic Dart        ||    24
       Dazzling Spray    ||     1
       Searing Ray       ||     1
  Use: Scroll            ||     1
 Stab: Sleeping          ||     6
  Eat: Chunk             ||     3
Armor: Robe              ||    12
Dodge: Dodged            ||    52
